 Dungeon Crawl Stone Soup version 0.30-a0-808-g6e0788376e (webtiles) character file.

Game seed: 15168701062522090827

68469 hikkokomori the Fighter (level 15, -1/96 HPs)
             Began as a Gargoyle Earth Elementalist on Feb 26, 2023.
             Was a High Priest of Vehumet.
             Killed from afar by an oklob plant (23 damage)
             ... with a splash of acid
             ... on level 5 of the Lair of Beasts.
             The game lasted 00:41:12 (17611 turns).

hikkokomori the Fighter (GrEE)                     Turns: 17611, Time: 00:41:12

Health: -1/96      AC:  3    Str: 21    XL:     15   Next: 26%
Magic:  27/33      EV: 15    Int: 28    God:    Vehumet [*****.]
Gold:   626        SH: 12    Dex:  8    Spells: 11/30 levels left

rFire   + + .      SeeInvis +    N - +12 long sword of Armageddon {protect, Int+2}
rCold   . . .      Faith    .    I - +1 kite shield of Trial and Error {Int+3 SInv}
rNeg    + . .      Spirit   .    O - +2 robe {rF+}
rPois   ∞          Reflect  .    (helmet restricted)
rElec   +          Harm     .    t - +1 cloak
rCorr   .          Rampage  .    (no gloves)
Will    +....      Clarity  +    (no boots)
Stlth   +++                      u - amulet of regeneration
HPRegen 1.16/turn                V - ring "Ogrits" {EV+5 Int+3}
MPRegen 0.23/turn                M - ring of magical power

@: corroded, flying
A: sickness immunity, AC +11, big wings, negative energy resistance 1,
electricity resistance, torment resistance 1, petrification resistance, horns 1,
iridescent scales 1, clarity, fire resistance 1, low MP 1, strong 2
a: Renounce Religion


You were on level 5 of the Lair of Beasts.
You worshipped Vehumet.
Vehumet was extremely pleased with you.
You visited 2 branches of the dungeon, and saw 17 of its levels.
You also visited: Sewer and Volcano.

You collected 1316 gold pieces.
You spent 690 gold pieces at shops.

Inventory:

Hand Weapons
 i - a +2 sling of electrocution
 m - a +2 dagger of draining
 F - the +7 rapier "Zutewkiu" {venom, +Blink rPois SInv}
   (You found it on level 8 of the Dungeon)

   rPois:     It protects you from poison.
   SInv:      It lets you see invisible.
   +Blink:    It lets you blink.
 N - the +12 long sword of Armageddon (weapon) {protect, Int+2}
   (You found it on level 1 of the Lair of Beasts)

   Int:       It affects your intelligence (+2).
Missiles
 p - 4 throwing nets
 Z - 5 curare-tipped darts
Armour
 a - a +0 robe
 g - a +0 buckler
 q - a +1 helmet of see invisible
 t - a +1 cloak (worn)
 C - +0 acid dragon scales
 I - the +1 kite shield of Trial and Error (worn) {Int+3 SInv}
   (You found it on level 9 of the Dungeon)

   Int:       It affects your intelligence (+3).
   SInv:      It lets you see invisible.
 L - the +0 ring mail "Widd" {rElec rPois Int+3}
   (You found it on level 12 of the Dungeon)

   Int:       It affects your intelligence (+3).
   rElec:     It insulates you from electricity.
   rPois:     It protects you from poison.
 O - a +2 robe of fire resistance (worn)
 W - a +3 plate armour of fire resistance
Jewellery
 u - an amulet of regeneration (around neck)
 y - a ring of protection from cold
 M - a ring of magical power (right hand)
 U - a ring of protection from cold
 V - the ring "Ogrits" (left hand) {EV+5 Int+3}
   (You bought it in a shop on level 7 of the Dungeon)

   [ring of evasion]

   EV:        It affects your evasion (+5).
   Int:       It affects your intelligence (+3).
Wands
 j - a wand of iceblast (10)
 z - a wand of polymorph (11)
 B - a wand of paralysis (7)
 D - a wand of light (12)
 G - a wand of mindburst (8)
 T - a wand of digging (4)
 Y - a wand of flame (7)
Scrolls
 c - 4 scrolls of magic mapping
 e - 2 scrolls of enchant weapon
 f - 7 scrolls of teleportation
 r - a scroll of brand weapon
 s - 3 scrolls of fear
 A - 3 scrolls of amnesia
 E - 3 scrolls of fog
 H - a scroll of poison
 J - a scroll of identify
 K - 4 scrolls of enchant armour
 P - a scroll of blinking
 Q - a scroll of butterflies
Potions
 b - 5 potions of magic
 d - 10 potions of heal wounds
 h - 3 potions of brilliance
 k - 4 potions of cancellation
 l - 2 potions of mutation
 n - 8 potions of curing
 o - a potion of invisibility
 x - 2 potions of lignification
 R - 4 potions of might
 S - 3 potions of resistance
 X - 2 potions of haste


   Skills:
 + Level 12.2 Fighting
 - Level 8.0(8.5) Short Blades
 + Level 4.1(6.6) Long Blades
 - Level 1.5 Dodging
 - Level 8.0 Stealth
 + Level 11.9 Shields
 - Level 8.1 Spellcasting
 + Level 9.8 Conjurations
 - Level 0.7 Transmutations
 + Level 7.1 Fire Magic
 - Level 9.8 Earth Magic
 - Level 7.6 Poison Magic
 - Level 4.9 Evocations


You had 11 spell levels left.
You knew the following spells:

 Your Spells              Type           Power      Damage    Failure   Level
a - Sandblast             Erth           100%       2d20      1%          1
b - Stone Arrow           Conj/Erth      100%       3d13      1%          3
c - Olgreb's Toxic Radia  Pois           53%        N/A       1%          4
d - Starburst             Conj/Fire      28%        6d9       12%         6
e - Arcjolt               Conj/Air       19%        1d29      11%         5

Your spell library contained the following spells:

 Spells                   Type           Power      Damage    Failure   Level
 Passwall                 Tmut/Erth      34%        N/A       1%          2
 Dazzling Flash           Conj/Hex       78%        N/A       1%          3
 Inner Flame              Hex/Fire       31%        N/A       1%          3
 Flame Wave               Conj/Fire      56%        2d13      1%          4
 Sticky Flame             Conj/Fire      56%        2d7       1%          4
 Lee's Rapid Deconstruct  Erth           30%        3d16*     1%          5
 Kindle Blastsparks       Fire/Tloc/Air  48%        2d14      3%          3
 Fulminant Prism          Conj/Hex       19%        3d10      3%          4
 Iskenderun's Mystic Bla  Conj/Tloc      39%        2d9       3%          4
 Petrify                  Tmut/Erth      41%        N/A       12%         4
 Leda's Liquefaction      Hex/Erth       19%        N/A       13%         4
 Call Canine Familiar     Summ           11%        N/A       30%         3
 Portal Projectile        Hex/Tloc       22%        N/A       30%         3
 Summon Guardian Golem    Hex/Summ       11%        N/A       30%         3
 Orb of Destruction       Conj           30%        9d10      34%         7
 Cause Fear               Hex            5%         N/A       69%         4
 Spellforged Servitor     Conj/Summ      19%        N/A       93%         7
 Dragon Form              Tmut           7%         N/A       100%        7
 Dragon's Call            Summ           5%         N/A       100%        9


Dungeon Overview and Level Annotations

Branches:
Dungeon (12/15)            Temple (0/1) D:7            Lair (5/5) D:10
 Shoals (0/4) Lair:3       Spider (0/4) Lair:2        Slime (0/5) Lair:5
  Sewer (visited)         Volcano (visited)
    Orc: D:9-12

Altars:
Ashenzari
Cheibriados
Makhleb
Vehumet
Jiyva

Shops:
D:4 [   D:7 =   D:8 :   D:10 =

Annotations:
D:6 2 transporters
Lair:5 exclusion: 3 oklob plants


Innate Abilities, Weirdness & Mutations

You are immune to sickness and miasma.
Your stone body is resilient. (AC +11)
You are immune to poison.
Your large and strong wings let you fly.
You resist negative energy. (rN+)
You are resistant to electric shocks. (rElec)
You are resistant to unholy torment.
You are immune to petrification.
You have a pair of small horns on your head.
You are partially covered in iridescent scales. (AC +2)
You possess an exceptional clarity of mind.
Your flesh is heat resistant. (rF+)
Your magical capacity is low. (-10% MP)
Your muscles are very strong. (Str +8, Int/Dex -2)


Message History

No target in view!
No target in view!
HP restored.
You now have 626 gold pieces (gained 24).
You pick up a book of Blasting and begin reading...
You add the spells Kindle Blastsparks, Fulminant Prism and Lee's Rapid Deconstruction to your library.
An oklob plant comes into view.
Found a viscous altar of Jiyva.
Marking area around an oklob plant as unsafe for travelling.
Okay, then. 2 oklob plants come into view.
Found a pair of boots.
Marking area around 2 oklob plants as unsafe for travelling.
Casting: Olgreb's Toxic Radiance (mildly dangerous; 1% risk of failure)
Confirm with . or Enter, or press ? or * to list all spells.
Okay, then.
Found a staircase to the Slime Pits.
The oklob plant spits acid at you. The splash of acid hits you!
The acid corrodes you! The oklob plant spits acid at you.
The splash of acid hits you! The acid corrodes you!
The oklob plant spits acid at you. The splash of acid hits you!
The acid corrodes you! The oklob plant spits acid at you.
The splash of acid hits you!!
Casting: Olgreb's Toxic Radiance (mildly dangerous; 1% risk of failure)
Confirm with . or Enter, or press ? or * to list all spells.
Casting: Starburst (dangerous; 12% risk of failure)
Press: ? - help, Dir - look around, f - activate The bolt of fire hits the oklob plant!!
The oklob plant is heavily damaged.
The bolt of fire hits the oklob plant!!
The oklob plant is heavily damaged.
The oklob plant spits acid at you. The splash of acid hits you!!
* * * LOW HITPOINT WARNING * * *
The acid corrodes you! The oklob plant spits acid at you.
The splash of acid hits you!!
You die...

##..#.# ##....#.#
#####....####
##........#
#......##.# #
###.....########.#
#......## ###...##
##....#####.P[>..#
##.....##...@_P...#
#......#......P..##
##............####
###.......#.##
###########


You could see 3 oklob plants.

Vanquished Creatures
  Josephine (Lair:4)
  Harold (D:11)
  7 hydras
  An anaconda (Lair:5)
  A catoblepas (Lair:5)
  A dancing weapon (Volcano)
  15 death yaks
  4 two-headed ogres
  A boulder beetle (Lair:4)
  Sonja (Lair:4)
  3 skysharks
  A pharaoh ant (Lair:2)
  5 wizards (Volcano)
  A lindwurm (Lair:4)
  An oklob plant (Lair:1)
  A manticore (D:11)
  5 toenail golems (Volcano)
  16 elephants
  7 black mambas
  10 cane toads
  2 torpor snails
  3 rime drakes
  7 komodo dragons
  An unseen horror (D:11)
  2 trolls
  5 polar bears
  9 dream sheep
  2 hornets
  37 blink frogs
  2 shadows
  60 yaks
  6 wraiths
  5 wyverns
  2 basilisks (Lair:5)
  2 redbacks (Lair:2)
  An acid dragon (D:7)
  17 water moccasins
  3 orc warriors
  An ice beast (D:6)
  4 wolves (Lair:5)
  An ogre (D:4)
  8 centaurs
  A phantom (D:4)
  A kobold brigand (D:7)
  15 bullfrogs
  2 gnoll sergeants
  3 scorpions
  8 wights (D:8)
  4 killer bees (D:11)
  A howler monkey (D:10)
  6 orc priests
  A gnoll bouda (D:6)
  5 hounds
  3 jellies
  3 iguanas
  6 orc wizards
  7 hell rats (Lair:5)
  A statue (D:4)
  24 gnolls
  5 river rats (Sewer)
  25 adders
  A shadow imp (D:6)
  3 white imps
  2 worms
  A dart slug (D:3)
  22 orcs
  3 endoplasms
  5 giant cockroaches
  5 goblins
  4 hobgoblins
  13 jackals
  2 quokkas
  9 ball pythons
  5 bats
  8 frilled lizards
  10 kobolds
  27 rats
  A butterfly (Lair:3)
505 creatures vanquished.

Vanquished Creatures (others)
  21 fungi
  16 plants
37 creatures vanquished.

Grand Total: 542 creatures vanquished

Notes
Turn   | Place    | Note
-------+----------+-------------------------------------------
     0 | D:1      | hikkokomori the Gargoyle Earth Elementalist began the quest
                  | for the Orb.
     0 | D:1      | Reached XP level 1. HP: 10/10 MP: 3/3
   621 | D:1      | Reached XP level 2. HP: 15/15 MP: 3/5
  1130 | D:2      | Reached XP level 3. HP: 19/19 MP: 6/6
  2067 | D:3      | Reached XP level 4. HP: 24/24 MP: 5/7
  2220 | D:3      | Reached skill level 5 in Earth Magic
  2599 | D:4      | Noticed an ogre
  2604 | D:4      | Killed an ogre
  2605 | D:4      | Reached XP level 5. HP: 28/28 MP: 2/8
  2720 | D:4      | Found a radiant altar of Vehumet.
  2720 | D:4      | Noticed a frost-covered statue
  2727 | D:4      | Gained mutation: You are partially covered in iridescent
                  | scales. (AC +2) [potion of mutation]
  2727 | D:4      | Gained mutation: Your magical capacity is low. (-10% MP)
                  | [potion of mutation]
  2727 | D:4      | Gained mutation: You have sharp fingernails. [potion of
                  | mutation]
  2727 | D:4      | Gained mutation: You have hidden genetic potential. [potion
                  | of mutation]
  2745 | D:4      | Reached skill level 5 in Stealth
  2901 | D:4      | Killed a frost-covered statue
  2902 | D:4      | Reached XP level 6. HP: 18/32 MP: 2/8
  2904 | D:4      | Became a worshipper of Vehumet
  3058 | D:4      | Found Ummen's Armour Emporium.
  3199 | D:4      | Gained mutation: You have a pair of small horns on your
                  | head. [hidden potential]
  3713 | D:5      | Entered Level 5 of the Dungeon
  3719 | D:5      | Reached XP level 7. HP: 31/36 MP: 6/9
  3909 | D:5      | Found a glowing drain.
  3921 | Sewer    | Entered a sewer
  3944 | Sewer    | Reached * piety under Vehumet
  3944 | Sewer    | Offered knowledge of Shock by Vehumet.
  4003 | Sewer    | Gained mutation: Your flesh is heat resistant. (rF+)
                  | [hidden potential]
  4003 | Sewer    | Lost mutation: You have hidden genetic potential. [hidden
                  | potential expressed]
  4161 | Sewer    | Learned a level 3 spell: Stone Arrow
  4210 | Sewer    | Reached ** piety under Vehumet
  4210 | Sewer    | Offered knowledge of Foxfire by Vehumet.
  4257 | Sewer    | HP: 1/36 [bullfrog (4)]
  4270 | Sewer    | Reached skill level 1 in Fighting
  4270 | Sewer    | Reached skill level 1 in Shields
  4270 | Sewer    | Reached skill level 1 in Conjurations
  4482 | D:5      | Reached XP level 8. HP: 14/43 MP: 8/10
  5032 | D:6      | Reached skill level 2 in Fighting
  5046 | D:6      | Offered knowledge of Frozen Ramparts by Vehumet.
  5287 | D:6      | Reached *** piety under Vehumet
  5358 | D:6      | Reached skill level 3 in Fighting
  5528 | D:6      | Found a transporter.
  5549 | D:6      | Offered knowledge of Airstrike by Vehumet.
  5602 | D:6      | Found a transporter.
  5659 | D:6      | Noticed a shadow
  5667 | D:6      | Killed a shadow
  5668 | D:6      | Reached XP level 9. HP: 32/52 MP: 4/13
  6175 | D:7      | Found Piam's Jewellery Shop.
  6179 | D:7      | Reached skill level 4 in Fighting
  6469 | D:7      | Reached skill level 5 in Fighting
  6469 | D:7      | Reached skill level 5 in Conjurations
  6561 | D:7      | Reached skill level 5 in Shields
  6929 | D:7      | Found a staircase to the Ecumenical Temple.
  7062 | D:7      | Lost mutation: You are partially covered in iridescent
                  | scales. (AC +2) [potion of mutation]
  7062 | D:7      | Lost mutation: You have sharp fingernails. [potion of
                  | mutation]
  7062 | D:7      | Gained mutation: Your muscles are strong. (Str +4, Int/Dex
                  | -1) [potion of mutation]
  7062 | D:7      | Gained mutation: You are partially covered in iridescent
                  | scales. (AC +2) [potion of mutation]
  7062 | D:7      | Gained mutation: Your muscles are very strong. (Str +8,
                  | Int/Dex -2) [potion of mutation]
  7062 | D:7      | Gained mutation: You possess an exceptional clarity of
                  | mind. [potion of mutation]
  7178 | D:8      | Reached XP level 10. HP: 56/59 MP: 11/15
  7312 | D:8      | Reached **** piety under Vehumet
  7313 | D:8      | Reached skill level 5 in Spellcasting
  7324 | D:8      | Offered knowledge of Olgreb's Toxic Radiance by Vehumet.
  7330 | D:8      | Learned a level 4 spell: Olgreb's Toxic Radiance
  7349 | D:8      | Identified the +7 rapier "Zutewkiu" {venom, +Blink rPois
                  | SInv}
  7354 | D:8      | Found Ympi's Self-Improvement Boutique.
  7411 | D:8      | Reached skill level 1 in Poison Magic
  7439 | D:8      | Noticed a two-headed ogre
  7446 | D:8      | Killed a two-headed ogre
  7447 | D:8      | Reached skill level 1 in Short Blades
  7447 | D:8      | Reached skill level 1 in Evocations
  7970 | D:9      | Reached skill level 6 in Fighting
  8209 | D:9      | Identified the +1 kite shield of Trial and Error {Int+3
                  | SInv}
  8826 | D:9      | Found a burning altar of Makhleb.
  8826 | D:9      | Noticed a cacodemon
  9065 | D:10     | Entered Level 10 of the Dungeon
  9084 | D:10     | Noticed a two-headed ogre
  9085 | D:10     | Found a staircase to the Lair.
  9085 | D:10     | Noticed a death yak
  9085 | D:10     | Noticed a death yak
  9109 | D:10     | Killed a death yak
  9202 | D:10     | Killed a two-headed ogre
  9203 | D:10     | Reached XP level 11. HP: 66/66 MP: 2/16
  9302 | D:10     | Noticed a death yak
  9427 | D:9      | Killed a death yak
  9428 | D:9      | Reached skill level 5 in Poison Magic
  9533 | D:10     | Reached skill level 7 in Fighting
  9550 | D:10     | Killed a death yak
  9622 | D:10     | You fall into a shaft and drop 2 floors!
  9660 | D:12     | Identified the +0 ring mail "Widd" {rElec rPois Int+3}
  9690 | D:11     | Noticed a manticore
  9700 | D:11     | Killed a manticore
  9728 | D:11     | Noticed Harold
  9741 | D:11     | Killed Harold
 10164 | D:11     | Noticed a two-headed ogre
 10169 | D:11     | Killed a two-headed ogre
 10174 | D:11     | Noticed a cyclops
 10286 | D:10     | Found Geikkirph's Jewellery Emporium.
 10417 | D:10     | Reached skill level 8 in Fighting
 10535 | D:10     | Noticed a two-headed ogre
 10541 | D:10     | Killed a two-headed ogre
 10888 | Lair:1   | Entered Level 1 of the Lair of Beasts
 10928 | Lair:1   | Identified the +12 long sword of Armageddon {protect,
                  | Int+2}
 10939 | Lair:1   | Reached ***** piety under Vehumet
 10943 | Lair:1   | Reached XP level 12. HP: 70/74 MP: 17/17
 10943 | Lair:1   | Offered knowledge of Starburst by Vehumet.
 10970 | Lair:1   | Reached skill level 5 in Short Blades
 11414 | Lair:1   | Reached skill level 9 in Fighting
 11781 | Lair:1   | Learned a level 6 spell: Starburst
 12170 | Lair:2   | Found a hole to the Spider Nest.
 12177 | Lair:2   | Reached skill level 1 in Fire Magic
 12339 | Lair:2   | Reached XP level 13. HP: 77/80 MP: 20/20
 12734 | Lair:2   | Found a snail-covered altar of Cheibriados.
 13147 | D:7      | Bought the ring "Ogrits" {EV+5 Int+3} for 690 gold pieces
 13430 | Lair:3   | Reached skill level 10 in Fighting
 13816 | Lair:3   | Found a staircase to the Shoals.
 13832 | Lair:3   | Offered knowledge of Fulminant Prism by Vehumet.
 14169 | Lair:4   | Found a broken altar of Ashenzari.
 14175 | Lair:4   | Noticed Josephine
 14193 | Lair:4   | Killed Josephine
 14219 | Lair:4   | Reached skill level 10 in Shields
 14259 | Lair:4   | Found a dark tunnel.
 14391 | Volcano  | Entered a volcano
 14453 | Volcano  | Gained mutation: Your large and strong wings let you fly.
                  | [Gargoyle growth]
 14453 | Volcano  | Reached XP level 14. HP: 84/88 MP: 4/23
 15097 | Lair:4   | Reached skill level 5 in Fire Magic
 15101 | Lair:4   | Reached skill level 11 in Fighting
 15132 | Lair:4   | Noticed Sonja
 15135 | Lair:4   | Killed Sonja
 15485 | Lair:4   | Identified the +1 helmet of Xakyt {rElec}
 15769 | Lair:5   | Entered Level 5 of the Lair of Beasts
 15777 | Lair:4   | Reached skill level 1 in Long Blades
 15963 | Lair:5   | Offered knowledge of Arcjolt by Vehumet.
 15971 | Lair:5   | Learned a level 5 spell: Arcjolt
 16848 | Lair:5   | Reached XP level 15. HP: 96/96 MP: 14/24
 16960 | Lair:5   | Identified the +0 shortbow "Honaj" {antimagic, rN+ Str+3
                  | Dex-4}
 17067 | Lair:5   | Reached skill level 12 in Fighting
 17604 | Lair:5   | Found a viscous altar of Jiyva.
 17606 | Lair:5   | Found a staircase to the Slime Pits.
 17611 | Lair:5   | Killed from afar by an oklob plant

Illustrated notes

Levels and vault maps discovered:
D:1:      minmay_arrival_jagged, layout_loops_corners, grunt_decor_cap
D:2:      layout_basic
D:3:      layout_rooms
D:4:      layout_loops_ring, vehumet_statue, serial_shops, nicolae_shop_crystal,
          minmay_misc_feat_iff, minmay_quadrilaterals
D:5:      layout_loops_ring, cheibrodos_sewer_entry_drain
D:6:      gammafunk_steamed_eel, layout_gridville, nicolae_half_adder
D:7:      layout_loops_ring, minmay_temple_entry_fiery, serial_shops,
          nicolae_stop_n_shop_2
D:8:      layout_cave_pools, nicolae_shop_self_help
D:9:      layout_layer_cave, makhleb_altar_promises_db
D:10:     layout_layer_cave, dpeg_lair_monsters, serial_shops, shop_fountains
D:11:     layout_basic, orc_0_dummy, serial_curves, eino_curves_03,
          eino_curves_02, uniq_harold
D:12:     layout_basic
Lair:1:   layout_regular_city
Lair:2:   layout_small_grid, nicolae_spider_entry_lesser_pyramids, basic_altar,
          chequers_serial_rivers_large_b, grunt_megastairs_3
Lair:3:   layout_roguey, shoals_dummy_entry, dpeg_oklob_1, grunt_megastairs_2,
          lemuel_fruit_fields
Lair:4:   cheibrodos_lair_river_kwai, layout_gridlike, basic_altar,
          nicolae_volcano_entry_vermiform, uniq_josephine, uniq_sonja
Lair:5:   grunt_lair_end_beastmaster, layout_loops_ring,
          minmay_slime_entry_oklob_enclosed, nicolae_lair_grove_arrangements,
          chequers_serial_rivers_micro_d, hangedman_lair_generics_rect

Skill      XL: |  1  2  3  4  5  6  7  8  9 10 11 12 13 14 15 |
---------------+----------------------------------------------+-----
Earth Magic    | 4 5 6 7 8 9 |  9.8
Stealth        | 3 4 5 6 7 8 |  8.0
Fighting       | 1 3 5 6 8 9 10 11 12 | 12.2
Shields        | 1 3 5 6 7 9 10 11 | 11.9
Conjurations   | 1 3 5 7 9 |  9.8
Spellcasting   | 3 4 5 6 7 8 |  8.1
Poison Magic   | 4 6 7 |  7.6
Short Blades   | 2 4 6 7 8 |  8.0
Evocations     | 3 4 |  4.9
Fire Magic     | 1 4 6 7 |  7.1
Long Blades    | 3 4 |  4.1
Dodging        | |  1.5
Transmutations | |  0.7

Action                     |  1- 3 |  4- 6 |  7- 9 | 10-12 | 13-15 || total
---------------------------+-------+-------+-------+-------+-------++-------
  Melee: Unarmed           |     6 |       |       |       |       ||     6
         Sling             |       |     2 |       |       |       ||     2
         Rapier            |       |       |       |   113 |    53 ||   166
         Headbutt          |       |       |       |    39 |    45 ||    84
         Long sword        |       |       |       |       |   124 ||   124
   Fire: Sling             |    30 |    34 |   166 |    12 |       ||   242
   Cast: Sandblast         |    38 |    69 |   160 |   227 |   224 ||   718
         Stone Arrow       |       |       |     3 |    35 |   105 ||   143
         Olgreb's Toxic Ra |       |       |       |    31 |    65 ||    96
         Starburst         |       |       |       |       |     1 ||     1
Ability: Evoke Blink       |       |       |       |       |     1 ||     1
  Evoke: Wand              |       |       |       |       |     6 ||     6
    Use: Potion            |       |     2 |     3 |     3 |     2 ||    10
         Scroll            |       |     2 |    12 |     4 |    10 ||    28
   Stab: Invisible         |       |       |       |     1 |     1 ||     2
         Sleeping          |       |       |       |       |     7 ||     7
         Petrified         |       |       |       |       |     4 ||     4
 Armour: Robe              |    16 |    26 |    92 |       |   123 ||   257
         Acid dragon scale |       |       |     4 |   179 |    74 ||   257
  Dodge: Dodged            |    26 |    26 |   133 |   161 |   306 ||   652
  Block: Buckler           |       |       |       |    60 |       ||    60
         Kite shield       |       |       |       |    12 |   319 ||   331

Table legend: (Time is in decaauts)
 A = Elapsed time spent in this place.
 B = Non-inter-level travel time spent in this place.
 C = Inter-level travel time spent in this place.
 D = Time resting spent in this place.
 E = Time spent auto-exploring this place.
 F = Levels seen in this place.
 G = Mean time per level.
                   A        B        C        D        E       F      G
               +--------+--------+--------+--------+--------+-----+--------+
         Total |  18191 |  17402 |    789 |    889 |  12676 |  19 |  957.4 |
       Dungeon |  10816 |  10216 |    600 |    460 |   8005 |  12 |  901.3 |
          Lair |   6234 |   6046 |    188 |    262 |   4240 |   5 | 1246.8 |
         Sewer |    537 |    537 |      0 |      0 |    323 |   1 |  537.0 |
       Volcano |    602 |    602 |      0 |    167 |    107 |   1 |  602.0 |
               +--------+--------+--------+--------+--------+-----+--------+

Top non-repeatable levels by time:
  Lair:5: 1859 daAuts
     D:9: 1439 daAuts
  Lair:1: 1257 daAuts
     D:7: 1186 daAuts
     D:4: 1156 daAuts
     D:6: 1114 daAuts
  Lair:4: 1083 daAuts
     D:2: 1061 daAuts
  Lair:2: 1050 daAuts
    D:10: 1042 daAuts
  Lair:3: 984 daAuts
     D:1: 926 daAuts
     D:5: 844 daAuts
     D:8: 777 daAuts
     D:3: 646 daAuts
